Unix NetHack Version 5.0.0-0 post-release - last build May  4 2026 22:22:43 (774f63e81ad911689b3a0859ea89b322d5daca8d,branch:main).

Game began 2026-05-07 08:04:12, ended 2026-05-07 09:47:04.

246786432, chaotic female human Priestess

                                                                    ...-
                                                                    ...|
                                                             ----   ...- ----
                                                             |).-  |....--..--
                                                             --=. --.....)...|
                                                             --..--......--<.|
                                                             ..@h....|.-- |..|
                                                             ......-----  |..|
                                                                          ----

246786432 the Acolyte        St:10 Dx:9 Co:15 In:14 Wi:18 Ch:10  Chaotic
Dlvl:4  $:48 HP:0(30) Pw:34(34) AC:7  Xp:4 T:2210 

Latest messages:
 The gnome hits!
 You kill the gnome!
 m - a blessed runed dagger (at the ready).
 E - a yellow gem.
 You hear a B note squeak in the distance.
 You see here 5 daggers.
 Your cave spider corpses rot away.
 You see here 5 daggers.
 You are hit by a thonged club.
 The thonged club returns to its hand!
 The arrow misses the gnome.
 You are hit by an arrow.
 What do you want to throw? [$mt or ?*] ?
 In what direction? 8
 The runed dagger hits the gnome.
 You kill the gnome!
 Welcome to experience level 4.
 F - a blessed arrow.
 m - a blessed runed dagger (at the ready).
 G - a thonged club.
 An arrow misses you.
 You see here a cursed arrow.
 H - a cursed arrow.
 You see here a cursed tiger eye ring.
 I - a cursed tiger eye ring.
 What do you want to throw? [$mtF-H or ?*] <esc>
 Never mind.
 What do you want to drop? [$a-dghjl-pr-ux-zACE-I or ?*] ?
 You drop a cursed arrow.
 What do you want to drop? [$a-dghjl-pr-ux-zACE-GI or ?*] I
 You drop a cursed tiger eye ring.
 What do you want to wield? [- amtFG or ?*] ?
 You have that readied.  Wield it instead? [ynq] (q) y
 m - a blessed runed dagger (weapon in right hand).
 The arrow misses the dwarf.
 You are hit by an arrow.
 You miss the dwarf.
 The dwarf thrusts her broad short sword.
 The dwarf hits!
 You miss the dwarf.
 The dwarf thrusts her broad short sword.
 The dwarf hits!
 The arrow misses the dwarf.
 You are hit by an arrow!
 You die...
 Do you want your possessions identified? [ynq] (y) y
 Do you want to see your attributes? [ynq] (y) y
 Do you want an account of creatures vanquished? [ynaq] (y) y
 Do you want to see your conduct and achievements? [ynq] (y) y
 Do you want to see the dungeon overview? [ynq] (y) y

Inventory:
 Coins    ('$')
  $ - 48 gold pieces
 Amulets  ('"')
  r - an amulet of strangulation
 Weapons  (')')
  F - a blessed +3 arrow
  t - a +0 sling
  m - a blessed +0 elven dagger (weapon in right hand)
  G - a +0 aklys
  a - a blessed +1 mace
 Armor    ('[')
  s - a +0 orcish helm
  c - a +0 small shield (being worn)
  b - a +0 robe (being worn)
 Comestibles  ('%')
  C - a food ration
 Scrolls  ('?')
  z - a scroll of enchant weapon
  x - a scroll of food detection
 Spellbooks  ('+')
  g - a spellbook of healing
  h - a spellbook of remove curse
 Potions  ('!')
  A - a blessed potion of gain energy
  n - a potion of restore ability
  d - 3 potions of holy water
 Wands    ('/')
  p - a wand of slow monster (0:8)
 Tools    ('(')
  l - a magic lamp
  o - an oil lamp
  j - a tin whistle
 Gems/Stones  ('*')
  E - a citrine stone
  u - 2 rocks
 Boulders/Statues  ('`')
  y - an empty statue of a gecko

246786432 the Priestess's attributes:

Background:
 You were an Acolyte, a level 4 human Priestess.
 You were chaotic, on a mission for Anshar
 who was opposed by Anu (lawful) and Ishtar (neutral).
 You were right-handed.
 You were in the Gnomish Mines, on level 4.
 You entered the dungeon 2210 turns ago.
 You had 81 experience points, 79 more were needed to attain level 5.

Basics:
 You had 0 out of 30 hit points.
 You had all 34 energy points (spell power).
 Your armor class was 7.
 Your wallet contained 48 zorkmids.
 Autopickup was off.

Final Characteristics:
 Your strength was 10 (limit:18/100).
 Your dexterity was 9 (limit:18).
 Your constitution was 15 (limit:18).
 Your intelligence was 14 (limit:18).
 Your wisdom was 18 (limit:18).
 Your charisma was 10 (limit:18).

Final Status:
 You weren't hungry.
 You were unencumbered.
 You were wielding a dagger.
 You had no skill with dagger.

Final Attributes:
 You were devoutly aligned.
 You were guarded.
 Your spell casting was enhanced by wearing a robe.
 You are dead.

Miscellaneous:
 You didn't encounter any bones levels.
 Total elapsed playing time was 46 minutes and 8 seconds.

Major events:
 Turn
    1: 246786432 the chaotic human Priestess entered the dungeon
  910: attained the rank of Acolyte (level 3)
 2095: entered the Gnomish Mines
 2210: killed by an arrow

Spells:
 Name                 Level Category     Fail Retention
 healing                1   healing        0%  76%-100%
 remove curse           3   clerical       0%   81%-90%

Skills:
 Fighting Skills
   bare handed combat [Unskilled]
 Weapon Skills
   club               [Unskilled]
   mace               [Basic]
   morning star       [Unskilled]
   flail              [Unskilled]
   hammer             [Unskilled]
   quarterstaff       [Unskilled]
   polearms           [Unskilled]
   spear              [Unskilled]
   trident            [Unskilled]
   lance              [Unskilled]
   bow                [Unskilled]
   sling              [Unskilled]
   crossbow           [Unskilled]
   dart               [Unskilled]
   shuriken           [Unskilled]
   boomerang          [Unskilled]
   unicorn horn       [Unskilled]
 Spellcasting Skills
   healing spells     [Unskilled]
   divination spells  [Unskilled]
   clerical spells    [Basic]

Voluntary challenges:
 Character rerolling was not enabled.
 You never genocided any monsters.
 You never polymorphed an object.
 You never changed form.
 You used no wishes.
Achievements:
 You entered a shop.
 You attained the rank of Acolyte.
 You entered the Gnomish Mines.

 The Dungeons of Doom: levels 1 to 5
    Level 1:
    Level 2:
       A general store.
    Level 3:
       A food shop, a fountain.
       Stairs down to The Gnomish Mines.
    Level 4:
    Level 5:
       An altar to Anshar.
 The Gnomish Mines:
    Level 4: <- You were here.
       Final resting place for
          you, killed by an arrow.


Vanquished creatures:
  a dwarf
  2 hobbits
  2 cave spiders
  a yellow mold
  4 gnomes
  a gnome zombie
  a gecko
  5 jackals
  2 foxes
  a goblin
  4 sewer rats
  4 grid bugs
  3 lichens
  a kobold zombie
  3 newts
35 creatures vanquished.

No species were genocided or became extinct.

Game over:
                       ----------
                      /          \
                     /    REST    \
                    /      IN      \
                   /     PEACE      \
                  /                  \
                  |    246786432     |
                  |      48 Au       |
                  |   killed by an   |
                  |      arrow       |
                  |                  |
                  |                  |
                  |       2026       |
                 *|     *  *  *      | *
        _________)/\\_//(\/(/\)/\//\/|_)_______

Goodbye 246786432 the Priestess...

You died in The Gnomish Mines on dungeon level 4 with 578 points,
and 48 pieces of gold, after 2210 moves.
You were level 4 with a maximum of 30 hit points when you died.

